 Dungeon Crawl Stone Soup version 0.30-a0-847-g17996783a1 (webtiles) character file.

Game seed: 14627282231506091377

11078 Lobster4 the Photosynthesist (level 12, 0/89 (92) HPs)
             Began as a Human Artificer on Mar 3, 2023.
             Was an Elder of Fedhas.
             Succumbed to a death drake's dark miasma
             ... in a Gauntlet.
             The game lasted 00:55:08 (15205 turns).

Lobster4 the Photosynthesist (Human Artificer)     Turns: 15205, Time: 00:55:08

HP:   0/89 (92)     AC: 18    Str: 16    XL:     12   Next: 3%
MP:   15/18         EV: 14    Int: 12    God:    Fedhas [****..]
Gold: 158           SH: 11    Dex: 15    Spells: 16/17 levels left

rFire   . . .      SeeInvis +    d - +5 long sword
rCold   . . .      Faith    .    y - +0 buckler
rNeg    . . .      Spirit   .    e - +0 steam dragon scales
rPois   +          Reflect  +    l - +2 helmet {SInv}
rElec   .          Rampage  .    (no cloak)
rCorr   .          NoTele   +    r - +2 pair of gloves
Will    .....                    I - +0 pair of boots
Stlth   ++                       J - amulet of reflection
HPRegen 0.34/turn                N - +4 ring of protection
MPRegen 0.16/turn                b - ring of poison resistance

@: lethally poisoned (0 -> -19), slowed, lightly drained, very slow
A: no striking features
a: Renounce Religion, Wall of Briars, Grow Ballistomycete, Overgrow


You were in a Gauntlet.
You worshipped Fedhas.
Fedhas was greatly pleased with you.
You visited 1 branch of the dungeon, and saw 11 of its levels.
You also visited: Ossuary and Gauntlet.

You collected 1104 gold pieces.
You spent 946 gold pieces at shops.

Inventory:

Hand Weapons
 c - a +0 short sword of holy wrath
 d - a +5 long sword (weapon)
 h - a +0 dagger of freezing
 q - a +0 dagger of speed
 E - a +3 flail of draining
 L - a +2 long sword of flaming
Missiles
 w - 18 stones
 x - 11 poisoned darts (quivered)
 A - 2 javelins
 M - 2 atropa-tipped darts
 S - 3 boomerangs
Armour
 e - +0 steam dragon scales (worn)
 i - the +1 chain mail "Logrod" {Fly Int+2 SInv}
   (You bought it in a shop on level 9 of the Dungeon)

   Int:       It affects your intelligence (+2).
   SInv:      It lets you see invisible.
   Fly:       It grants you flight.
 j - a +0 ring mail
 l - a +2 helmet of see invisible (worn)
 n - a +0 kite shield
 r - a +2 pair of gloves (worn)
 t - a +0 scale mail
 y - a +0 buckler (worn)
 I - a +0 pair of boots (worn)
Jewellery
 b - a ring of poison resistance (right hand)
 p - a +6 ring of dexterity
 z - a ring of flight
 C - the ring "Gom Jueh" {Fly rElec rF+ Str+5 Dex-2}
   (You found it in a Gauntlet)

   [ring of protection from fire]

   Str:       It affects your strength (+5).
   Dex:       It affects your dexterity (-2).
   rF:        It protects you from fire.
   rElec:     It insulates you from electricity.
   Fly:       It grants you flight.
 D - a +6 ring of strength
 G - a ring of ice
 J - an amulet of reflection (around neck)
 N - a +4 ring of protection (left hand)
Wands
 o - a wand of polymorph (10)
Scrolls
 k - 3 scrolls of teleportation
 u - a scroll of poison
 P - a scroll of fear
 Q - a scroll of enchant weapon
 U - a scroll of magic mapping
Potions
 a - a potion of brilliance
 f - 2 potions of cancellation
 g - 7 potions of curing
 m - 4 potions of flight
 s - 4 potions of lignification
 v - a potion of magic {unknown}
 B - 2 potions of mutation


   Skills:
 + Level 7.8 Fighting
 - Level 3.0(4.6) Short Blades
 - Level 5.6(6.0) Long Blades
 - Level 1.0 Maces & Flails
 + Level 4.2 Throwing
 - Level 6.0 Armour
 - Level 6.0 Dodging
 - Level 2.0 Stealth
 + Level 7.2 Shields
 - Level 3.0 Spellcasting
 - Level 3.0 Conjurations
 + Level 8.1 Invocations
 - Level 4.0 Evocations


You had 16 spell levels left.
You knew the following spells:

 Your Spells              Type           Power      Damage    Failure   Level
a - Magic Dart            Conj           36%        1d4       9%          1

Your spell library contained the following spells:

 Spells                   Type           Power      Damage    Failure   Level
 Searing Ray              Conj           18%        2d5       13%         2
 Necrotise                Necr           4%         1d4       30%         1
 Portal Projectile        Hex/Tloc       2%         N/A       65%         3
 Tukima's Dance           Hex            1%         N/A       65%         3
 Vampiric Draining        Necr           1%         2d6       65%         3
 Fulminant Prism          Conj/Hex       2%         3d5       85%         4
 Agony                    Necr           1%         N/A       100%        5
 Blade Hands              Tmut           0%         N/A       100%        5


Dungeon Overview and Level Annotations

Branches:
Dungeon (11/15)            Temple (0/1) D:5            Lair (0/5) D:9
    Orc (0/2) D:10        Ossuary (visited)         Gauntlet (1/1)

Altars:
Cheibriados
Dithmenos
Fedhas
Gozag
Makhleb
Wu Jian
Xom

Shops:
D:1 :!=*   D:2 *   D:6 (   D:9 [*

Annotations:
D:8 exclusion: kobold demonologist
D:9 Harold
D:10 Psyche Gauntlet 6 transporters


Message History

The spectral boggart hits you but does no damage.
The spectral centaur warrior hits you but does no damage.
The spectral centaur warrior kicks you but does no damage.
You feel better.
You are engulfed in dark miasma.
* * * LOW HITPOINT WARNING * * *
The death drake bites you but does no damage.
The spectral centaur warrior hits you but does no damage.
The spectral centaur warrior barely misses you.
The spectral boggart hits you but does no damage.
The death drake bites you!
* * * LOW HITPOINT WARNING * * *
You block the spectral centaur warrior's attack.
The spectral centaur warrior kicks you but does no damage.
The spectral boggart hits you but does no damage.
Aiming: Grow Ballistomycete (6% risk of failure)
Press: ? - help, Dir - move target
Okay, then.
A briar patch grows up from the ground. x2; You are engulfed in dark miasma.
* * * LOW HITPOINT WARNING * * *
The spectral centaur warrior closely misses you.
You block the spectral centaur warrior's attack.
You block the death drake's attack. The spectral boggart misses you.
The spectral centaur warrior barely misses you.
You block the spectral centaur warrior's attack.
You block the death drake's attack.
You walk carefully through the plants.
You block the spectral boggart's attack.
The death drake breathes miasma at you.
The foul vapour engulfs the spectral centaur warrior.
The spectral centaur warrior completely resists.
The spectral centaur warrior hits you but does no damage.
The spectral centaur warrior kicks you but does no damage.
The spectral boggart barely misses you.
The spectral boggart closely misses you.
You are engulfed in dark miasma.
You are lethally poisoned!
You feel as though you will be slow longer.
* * * LOW HITPOINT WARNING * * *
You die...
Fedhas appreciates your contribution to the ecosystem.

##..#......P.Z#..
#≈..#..#..P#.Z#.. #.
##..#=..P..k..### . #..
#≈..#©...©.P.Z#©© #.##..
##..#!........### ....
#§..#?.#...#..#..
#..###..#Z........#.. .
#....#..#k........#..
#.##...@#..###########..
#....°PP#...............
#.##..Zk#.∩.............
#.°°Z#..#########..##
#...°#..#Z....#.#..#.
#.....###..#Z###.#.#..##
#.##.. #§..#...###.####G
. #.. ##..#©..©...#©©#G
#.. #§..#)..###.####G


You could see 2 death drakes, 2 spectral wolf spiders, a spectral boggart, a
spectral centaur warrior (ally target) and a redback zombie.

Vanquished Creatures
  A two-headed ogre (D:8)
  Lodul (D:10)
  An ugly thing (D:11)
  A gargoyle (D:10)
  An unseen horror (D:10)
  A komodo dragon (D:9)
  A troll (D:11)
  Prince Ribbit (D:9)
  Sigmund (D:3)
  A wraith (D:11)
  20 yaks
  A steam dragon (D:7)
  Edmund (D:5)
  2 water moccasins (D:9)
  3 ice beasts
  2 orc warriors
  A black bear (D:6)
  7 ogres
  3 centaurs
  A phantom (D:6)
  A kobold brigand (D:7)
  8 bullfrogs
  3 scorpions
  2 gnoll sergeants (D:10)
  5 elf skeletons (D:5)
  2 water moccasin zombies (Ossuary)
  3 wights (D:7)
  4 killer bees (D:8)
  5 howler monkeys
  2 jellies
  6 orc priests
  A hound (D:5)
  A gnoll bouda (D:8)
  6 iguanas
  13 orc wizards
  A human skeleton (D:5)
  2 mummies (Ossuary)
  Robin (D:2)
  14 gnolls
  7 adders
  An ufetubus (D:7)
  5 adder zombies (Ossuary)
  7 dart slugs
  32 orcs
  7 ball pythons
  2 endoplasms
  3 giant cockroaches
  15 goblins
  8 hobgoblins
  11 kobolds
  2 quokkas
  8 bats
  A frilled lizard (D:2)
  2 gnoll zombies (Ossuary)
  5 hobgoblin zombies (Ossuary)
  13 kobold zombies (Ossuary)
  4 orc zombies (Ossuary)
264 creatures vanquished.

Vanquished Creatures (collateral kills)
  An ice beast (D:5)
  An ogre (D:10)
  A wight (D:7)
  A hound (D:5)
  An orc wizard (D:6)
  An orc (D:5)
6 creatures vanquished.

Vanquished Creatures (others)
  A yak (D:7)
  2 hounds
  A sleepcap (D:7)
  2 orc wizards (D:7)
  An adder (D:6)
  A gnoll (D:7)
  A shadow imp (D:7)
  36 fungi (D:9)
  45 plants (D:9)
  26 withered plants (Gauntlet)
116 creatures vanquished.

Grand Total: 386 creatures vanquished

Notes
Turn   | Place    | Note
-------+----------+-------------------------------------------
     0 | D:1      | Lobster4 the Human Artificer began the quest for the Orb.
     0 | D:1      | Reached XP level 1. HP: 15/15 MP: 1/1
   100 | D:1      | Reached XP level 2. HP: 7/21 MP: 2/2
   233 | D:1      | Found Xeerabet's Book Emporium.
   354 | D:1      | Found Keehirgh's Distillery.
   401 | D:1      | Found Tuure's Jewellery Shop.
   443 | D:1      | Found Tygerooz's Assorted Antiques.
   808 | D:1      | Reached XP level 3. HP: 26/26 MP: 3/3
  1099 | D:2      | Noticed Robin
  1223 | D:2      | Reached XP level 4. HP: 29/33 MP: 4/4
  1342 | D:2      | Killed Robin
  1571 | D:2      | Found Qahesk's General Store.
  1584 | D:2      | Bought a scroll of teleportation for 30 gold pieces
  1584 | D:2      | Bought a scroll of fear for 40 gold pieces
  1930 | D:3      | Reached skill level 1 in Short Blades
  1930 | D:3      | Reached XP level 5. HP: 38/38 MP: 5/5
  2080 | D:3      | Reached skill level 1 in Throwing
  2441 | D:3      | Noticed Sigmund
  2444 | D:3      | Killed Sigmund
  2445 | D:3      | Reached XP level 6. HP: 44/46 MP: 6/6
  2464 | D:3      | Found a blossoming altar of Fedhas.
  2490 | D:3      | Became a worshipper of Fedhas Madash
  3065 | D:4      | Found a burning altar of Makhleb.
  3065 | D:4      | Found a shadowy altar of Dithmenos.
  3413 | D:4      | Reached XP level 7. HP: 51/51 MP: 7/7
  3681 | D:5      | Entered Level 5 of the Dungeon
  3863 | D:5      | Reached skill level 1 in Invocations
  3943 | D:5      | Found a sand-covered staircase.
  3999 | Ossuary  | Entered an ossuary
  4037 | Ossuary  | Reached * piety under Fedhas
  4041 | Ossuary  | Reached skill level 1 in Shields
  4505 | D:5      | Reached XP level 8. HP: 50/58 MP: 9/9
  4539 | D:5      | Reached skill level 2 in Invocations
  4590 | D:5      | Reached ** piety under Fedhas
  4914 | D:5      | Noticed Edmund
  5365 | D:5      | Found a staircase to the Ecumenical Temple.
  5492 | D:5      | Reached skill level 3 in Invocations
  5681 | D:5      | Killed Edmund
  5846 | D:5      | Reached XP level 9. HP: 61/65 MP: 11/11
  6315 | D:6      | Reached skill level 5 in Armour
  6367 | D:6      | Reached skill level 4 in Invocations
  6622 | D:6      | Found Inwab's Antique Weapon Boutique.
  6639 | D:6      | Found an opulent altar of Gozag.
  6684 | D:6      | Found a snail-covered altar of Cheibriados.
  7042 | D:7      | Reached skill level 5 in Fighting
  7312 | D:7      | Reached *** piety under Fedhas
  7545 | D:7      | Reached skill level 5 in Dodging
  8070 | D:7      | Reached skill level 1 in Maces & Flails
  8237 | D:8      | Reached skill level 5 in Invocations
  8324 | D:8      | Reached XP level 10. HP: 20/74 MP: 13/13
  8422 | D:8      | Reached skill level 1 in Long Blades
  8941 | D:7      | Reached **** piety under Fedhas
  9084 | D:7      | Reached skill level 5 in Shields
  9097 | D:7      | Reached skill level 6 in Invocations
  9794 | D:8      | Found a shimmering altar of Xom.
  9794 | D:8      | Noticed a kobold demonologist
  9911 | D:8      | Noticed a two-headed ogre
  9949 | D:8      | Found an ornate altar of the Wu Jian Council.
 10032 | D:8      | Killed a two-headed ogre
 10229 | D:1      | Bought an amulet of reflection for 300 gold pieces
 10249 | D:1      | Bought a scroll of identify for 58 gold pieces
 10250 | D:1      | Bought a scroll labelled GOAMOU CEZIVOM for 29 gold pieces
 10649 | D:8      | Learned a level 1 spell: Magic Dart
 10765 | D:8      | Reached skill level 1 in Conjurations
 10848 | D:9      | Found Liest's Assorted Antiques.
 10853 | D:9      | Bought a scroll labelled KADUENK QEHARO for 27 gold pieces
 10853 | D:9      | Bought a scroll of identify for 54 gold pieces
 10875 | D:9      | Reached skill level 1 in Spellcasting
 10912 | D:9      | Reached XP level 11. HP: 79/83 MP: 16/16
 10949 | D:9      | Noticed Prince Ribbit
 11008 | D:9      | Killed Prince Ribbit
 11009 | D:9      | Reached skill level 7 in Invocations
 11543 | D:9      | Found Solim's Antique Armour Boutique.
 11786 | D:9      | Found a staircase to the Lair.
 12274 | D:10     | Entered Level 10 of the Dungeon
 12323 | D:10     | Found a staircase to the Orcish Mines.
 12906 | D:10     | Noticed Psyche
 13260 | D:10     | Noticed Lodul
 13275 | D:10     | Killed Lodul
 13276 | D:10     | Reached skill level 5 in Long Blades
 13828 | D:10     | Noticed Harold
 13833 | D:9      | Bought a glowing helmet for 180 gold pieces
 13858 | D:9      | Bought a masterwork chain mail for 228 gold pieces
 13858 | D:9      | Identified the +1 chain mail "Logrod" {Fly Int+2 SInv} (You
                  | bought it in a shop on level 9 of the Dungeon)
 14955 | D:11     | Noticed a manticore
 14981 | D:11     | Found a gate leading to a gauntlet.
 14981 | D:11     | Noticed a brown ugly thing
 14999 | D:11     | Killed a brown ugly thing
 15000 | D:11     | Reached skill level 8 in Invocations
 15000 | D:11     | Reached XP level 12. HP: 92/92 MP: 16/18
 15010 | Gauntlet | Entered a Gauntlet
 15010 | Gauntlet | Found a transporter.
 15010 | Gauntlet | Found a transporter.
 15010 | Gauntlet | Found a transporter.
 15018 | Gauntlet | Noticed a catoblepas
 15022 | Gauntlet | Found a transporter.
 15025 | Gauntlet | Found a transporter.
 15033 | Gauntlet | Found a transporter.
 15036 | Gauntlet | Found a transporter.
 15044 | Gauntlet | Found a transporter.
 15053 | Gauntlet | Noticed a death drake
 15062 | Gauntlet | Found a transporter.
 15064 | Gauntlet | Noticed a death drake
 15079 | Gauntlet | Found a transporter.
 15082 | Gauntlet | Found a transporter.
 15082 | Gauntlet | Noticed a tengu warrior
 15093 | Gauntlet | Found a transporter.
 15098 | Gauntlet | a manticore changed into a shock serpent
 15098 | Gauntlet | Noticed a shock serpent (shapeshifter)
 15107 | Gauntlet | a moth of wrath changed into a death drake
 15107 | Gauntlet | Noticed a death drake (shapeshifter)
 15125 | Gauntlet | a death drake changed into a merfolk
 15135 | Gauntlet | a shock serpent changed into a torpor snail
 15193 | Gauntlet | Identified the ring "Gom Jueh" {Fly rElec rF+ Str+5 Dex-2}
 15205 | Gauntlet | Succumbed to a death drake's dark miasma

Illustrated notes

Levels and vault maps discovered:
D:1:      lemuel_arrival_cross, layout_basic, serial_shops, shop, shop, shop,
          nicolae_square_shop, minmay_tetromino_i2
D:2:      layout_rooms, serial_shops, shop, uniq_robin
D:3:      layout_loops_ring, mainiacjoe_overflow_alcove_1, uniq_sigmund
D:4:      layout_loops_cross, gammafunk_temple_overflow_elements,
          kennysheep_generic_room_15
D:5:      kennysheep_six_static_rooms, layout_basic, lemuel_temple_firewalk_b,
          nicolae_ossuary_entry_catacombs, corexii_shack, uniq_edmund
D:6:      layout_basic, mainiacjoe_overflow_tiny_flanked, kennysheep_mini,
          serial_shops, nicolae_stop_n_shop_2
D:7:      layout_basic, grunt_ministairs_14
D:8:      layout_loops_ring, nicolae_wu_jian_immortal_techniques, led_xom_imps
D:9:      layout_long_grid, due_lair_maze_entry_diamond, serial_shops,
          nicolae_shop_hallway_plus, nicolae_take_the_stairs,
          chequers_serial_rivers_large_b, uniq_prince_ribbit1
D:10:     layout_loops_corners, minmay_orc_entry_temple_small, uniq_lodul,
          uniq_harold, uniq_psyche
D:11:     layout_layer_cave, gauntlet_entry_generic
Gauntlet: minmay_gauntlet_mixed_big_or_small [gammafunk_gauntlet_arena_grid,
          minmay_gauntlet_arena_77_braids, nicolae_gauntlet_arena_blocks,
          minmay_gauntlet_arena_77_squiggly, gammafunk_gauntlet_arena_hedges,
          minmay_gauntlet_arena_77_mirror, gauntlet_exit_watery]

Skill      XL: |  1  2  3  4  5  6  7  8  9 10 11 |
---------------+----------------------------------+-----
Stealth        | 2 |  2.0
Fighting       | 2 3 4 5 6 7 |  7.8
Short Blades   | 1 2 3 |  3.0
Dodging        | 2 3 4 5 6 |  6.0
Throwing       | 1 2 3 4 |  4.2
Armour         | 3 4 5 6 |  6.0
Evocations     | 4 |  4.0
Invocations    | 1 3 5 6 8 |  8.1
Shields        | 1 3 4 5 7 |  7.2
Maces & Flails | 1 |  1.0
Long Blades    | 3 5 |  5.6
Conjurations   | 1 3 |  3.0
Spellcasting   | 1 3 |  3.0

Action                     |  1- 3 |  4- 6 |  7- 9 | 10-12 || total
---------------------------+-------+-------+-------+-------++-------
  Melee: Club              |    10 |       |       |       ||    10
         Dagger            |   112 |   277 |   547 |       ||   936
         Punch             |     1 |     1 |       |       ||     2
         Short sword       |       |       |   185 |       ||   185
         Long sword        |       |       |    23 |   405 ||   428
  Throw: Boomerang         |       |    11 |    27 |     8 ||    46
         Stone             |       |    12 |    15 |    14 ||    41
         Throwing net      |       |     1 |       |       ||     1
         Dart              |       |       |    57 |   119 ||   176
         Javelin           |       |       |     3 |    11 ||    14
 Invoke: Wall of Briars    |       |       |       |     4 ||     4
  Evoke: Wand              |     8 |    14 |    18 |       ||    40
    Use: Scroll            |     2 |     4 |     9 |    11 ||    26
         Potion            |       |       |     4 |     9 ||    13
   Stab: Confused          |       |       |     1 |       ||     1
         Betrayed ally     |       |       |     1 |       ||     1
         Invisible         |       |       |       |     4 ||     4
         Sleeping          |       |       |       |     1 ||     1
 Armour: Leather armour    |    14 |       |       |       ||    14
         Ring mail         |    41 |    16 |       |       ||    57
         Scale mail        |       |    54 |   261 |    14 ||   329
         Steam dragon scal |       |       |       |   106 ||   106
         Skin              |       |       |       |     7 ||     7
  Dodge: Dodged            |    74 |    89 |   224 |   218 ||   605
  Block: Buckler           |       |    10 |   135 |   206 ||   351
         Reflection        |       |       |       |     3 ||     3
         Other             |       |       |       |     1 ||     1

Table legend: (Time is in decaauts)
 A = Elapsed time spent in this place.
 B = Non-inter-level travel time spent in this place.
 C = Inter-level travel time spent in this place.
 D = Time resting spent in this place.
 E = Time spent auto-exploring this place.
 F = Levels seen in this place.
 G = Mean time per level.
                   A        B        C        D        E       F      G
               +--------+--------+--------+--------+--------+-----+--------+
         Total |  15060 |  13965 |   1095 |   2688 |   7107 |  13 | 1158.5 |
       Dungeon |  14399 |  13304 |   1095 |   2566 |   6957 |  11 | 1309.0 |
       Ossuary |    461 |    461 |      0 |    122 |     28 |   1 |  461.0 |
      Gauntlet |    199 |    199 |      0 |      0 |    122 |   1 |  199.0 |
               +--------+--------+--------+--------+--------+-----+--------+

Top non-repeatable levels by time:
     D:9: 2105 daAuts
     D:7: 1919 daAuts
    D:10: 1901 daAuts
     D:5: 1814 daAuts
     D:8: 1479 daAuts
     D:1: 1180 daAuts
     D:4: 1099 daAuts
     D:3: 1030 daAuts
     D:6: 1008 daAuts
     D:2: 572 daAuts
 Ossuary: 461 daAuts
    D:11: 288 daAuts
Gauntlet: 199 daAuts
